 Dungeon Crawl Stone Soup version 0.23-a0-422-g30b1108 (webtiles) character file.

631 Azzok the Geomancer (level 7, 0/55 HPs)
             Began as a Deep Dwarf Earth Elementalist on Nov 14, 2018.
             Slain by a gnoll
             ... wielding a +0 halberd
              (9 damage)
             ... on level 4 of the Dungeon.
             The game lasted 00:06:50 (4323 turns).

Azzok the Geomancer (Deep Dwarf Earth Elementalist) Turns: 4323, Time: 00:06:51

Health: 0/55       AC:  5    Str: 11    XL:     7   Next: 24%
Magic:  4/14       EV: 12    Int: 18    God:
Gold:   110        SH:  0    Dex: 13    Spells: 11/15 levels left

rFire    . . .     SeeInvis .   s - +2 falchion (elec)
rCold    . . .     Gourm    .   (no shield)
rNeg     . . .     Faith    .   c - +0 robe
rPois    .         Spirit   .   (no helmet)
rElec    .         Reflect  .   (no cloak)
rCorr    .         Harm     .   t - +2 pair of gloves
MR       +....                  (no boots)
Stlth    ++........             (no amulet)
HPRegen  0.00/turn              (no ring)
MPRegen  0.14/turn              (no ring)

@: non-regenerating
A: damage resistance, heal wounds, sense surroundings 1, no regeneration
a: Heal Wounds


You were on level 4 of the Dungeon.
You were not hungry.

You visited 1 branch of the dungeon, and saw 4 of its levels.

You collected 110 gold pieces.

Inventory:

Hand Weapons
 s - a +2 falchion of electrocution (weapon)
Missiles
 b - 117 stones (quivered)
Armour
 c - a +0 robe (worn)
 t - a +2 pair of gloves (worn)
Scrolls
 a - a scroll of teleportation
 e - a scroll of remove curse
 f - a scroll of enchant armour
 h - 2 scrolls of enchant weapon
 j - 5 scrolls of identify
 k - 2 scrolls of fog {unknown}
 m - a scroll of immolation {unknown}
 q - a scroll of fear {unknown}
 r - a scroll of magic mapping
 u - 3 scrolls of amnesia
Potions
 i - a potion of curing {unknown}
 l - a potion of flight {unknown}
 n - a potion of brilliance {unknown}
 o - a potion of ambrosia {unknown}
 p - a potion of resistance
 v - a potion of agility {unknown}
Comestibles
 d - 5 rations
 g - 4 chunks of flesh


   Skills:
 - Level 2.1 Dodging
 - Level 2.4 Stealth
 + Level 4.9 Spellcasting
   Level 0.8 Transmutations
 + Level 8.3 Earth Magic


You had 11 spell levels left.
You knew the following spells:

 Your Spells              Type           Power        Failure   Level  Hunger
a - Sandblast             Erth           ####..       1%          1    None
b - Stone Arrow           Conj/Erth      ###...       7%          3    ###....

Your spell library contained the following spells:

 Spells                   Type           Power        Failure   Level  Hunger
 Passwall                 Tmut/Erth      ###.....     3%          2    #......
 Lee's Rapid Deconstruct  Erth           ####......   12%         5    ######.
 Magic Dart               Conj           #...         14%         1    None
 Searing Ray              Conj           #.....       21%         2    #......
 Petrify                  Tmut/Erth      ###.....     21%         4    ####...
 Dazzling Spray           Conj/Hex       #.....       38%         3    ###....
 Force Lance              Conj/Tloc      #.......     80%         4    ####...
 Fulminant Prism          Conj/Hex       #.........   80%         4    ####...
 Iskenderun's Mystic Bla  Conj           #.......     80%         4    ####...


Dungeon Overview and Level Annotations

Branches:
Dungeon (4/15)
 Temple: D:4-7

Altars:
Gozag

Shops:
D:4 =

Annotations:
D:4 1 transporter


Innate Abilities, Weirdness & Mutations

You are resistant to damage.
You can heal yourself by infusing magical energy.
You passively map a small area around you.
You do not regenerate.


Message History

You kill the gnoll!
b - 118 stones You hear a shout!
The orc hits you but does no damage.
You hear a shout!
Casting: Sandblast (safe; 1% risk of failure)
Confirm with . or Enter, or press ? or * to list all spells.
Aiming: Sandblast (safe; 1% risk of failure)
Press: ? - help, Shift-Dir - straight line, f - orc
Aim: an orc, wielding a +0 flail The blast of sand hits the orc.
You kill the orc!
b - 117 stones The gnoll hits you from afar with a +0 halberd!
* * * LOW HITPOINT WARNING * * *
The orc hits you with a +0 whip.
* * * LOW HITPOINT WARNING * * *
You closely miss the orc.
The gnoll hits you from afar with a +0 halberd!
You die...

▒▒▒▒▒▒▒ ▒▒·▒▒▒▒▒▒÷▒
·[····▒▒▒▒··▒▒▒▒▒·▒▒
······'············▒
······▒▒▒▒▒··▒▒▒▒··▒▒▒
▒▒)···▒ ▒▒╬▒▒▒▒····▒
▒····▒ ▒·)···(·▒▒·▒
▒····▒ ▒·······▒▒·▒
▒····▒ ▒····)†·▒▒·▒
▒····▒ ▒···))@·▒▒·▒
▒····▒ ▒▒▒▒g▒▒o▒▒·▒
▒····▒ ▒·▒▒·▒▒·▒
▒····▒ ▒··▒·▒▒·▒
·····▒▒·▒ ░ ▒·o···▒ ░
◦ ◦ ▒·o·g·▒ ◦░ ░
'g···>▒ ░ ▒··oo·▒ ◦


You could see a gnoll and an orc.

Vanquished Creatures
  A sky beast (D:3)
  2 ogres (D:4)
  A centaur skeleton (D:3)
  An orc priest (D:3)
  3 orc wizards
  A worker ant (D:4)
  3 gnolls (D:4)
  4 adders
  A howler monkey skeleton (D:4)
  3 oozes
  4 worms (D:2)
  3 dart slugs (D:2)
  15 orcs
  A ball python (D:1)
  2 giant cockroaches
  5 goblins
  9 hobgoblins
  10 jackals
  3 quokkas
  7 bats
  A frilled lizard (D:2)
  A jackal skeleton (D:2)
  7 kobolds
  A leopard gecko skeleton (D:4)
  5 rats
94 creatures vanquished.

Notes
Turn   | Place    | Note
-------+----------+-------------------------------------------
     0 | D:1      | Azzok the Deep Dwarf Earth Elementalist began the quest for
                  | the Orb.
     0 | D:1      | Reached XP level 1. HP: 15/15 MP: 3/3
   215 | D:1      | Reached XP level 2. HP: 22/22 MP: 0/5
   960 | D:1      | Reached XP level 3. HP: 28/28 MP: 3/6
  1038 | D:1      | Learned a level 3 spell: Stone Arrow
  1077 | D:2      | Reached skill level 5 in Earth Magic
  1833 | D:2      | Reached XP level 4. HP: 34/36 MP: 1/8
  2581 | D:3      | Reached skill level 6 in Earth Magic
  2824 | D:3      | Reached XP level 5. HP: 24/42 MP: 4/10
  2889 | D:3      | Noticed a sky beast
  2909 | D:3      | Killed a sky beast
  2964 | D:3      | Reached skill level 7 in Earth Magic
  2964 | D:3      | Reached XP level 6. HP: 25/49 MP: 1/12
  3089 | D:3      | Found an opulent altar of Gozag.
  3917 | D:4      | Found a transporter.
  3968 | D:4      | Reached skill level 8 in Earth Magic
  3968 | D:4      | Reached XP level 7. HP: 29/55 MP: 9/14
  4080 | D:4      | Found Jiol's Jewellery Emporium.
  4323 | D:4      | Slain by a gnoll

Vault maps used:
D:1:      erik_arrival_gehennom
D:2:      first_ration
D:3:      grunt_gozag_statues
D:4:      gammafunk_cloud_chamber, lemuel_round_altar, serial_shops,
          nicolae_shop_waterfront, uniq_menkaure

Skill      XL: |  1  2  3  4  5  6 |
---------------+-------------------+-----
Spellcasting   | 2 3 4 |  4.9
Earth Magic    | 5 6 7 8 |  8.3
Dodging        | |  2.1
Stealth        | |  2.4
Transmutations | |  0.8

Action                   |  1- 3 |  4- 6 |  7- 9 || total
-------------------------+-------+-------+-------++-------
Melee: Spear             |    14 |       |       ||    14
       Short sword       |       |     1 |       ||     1
       Falchion          |       |       |     1 ||     1
 Cast: Sandblast         |    46 |    44 |    23 ||   113
       Stone Arrow       |    13 |    22 |     4 ||    39
 Abil: Heal Wounds       |       |     1 |       ||     1
  Use: Scroll            |       |     8 |       ||     8
  Eat: Chunk             |     5 |     9 |     1 ||    15
Armor: Robe              |     3 |     5 |     2 ||    10
Dodge: Dodged            |     9 |     2 |    17 ||    28
       Rpst.: Falchion   |       |       |     3 ||     3

Table legend:
 A = Non-vault XP
 B = Vault XP
 C = Vault XP percentage of total XP
 D = Non-vault monster count
 E = Vault monster count
 F = Vault count percentage of total count
                 A         B        C        D         E       F
            +---------+---------+-------+---------+---------+-------
      Total |     884 |      18 |   2.0 |      89 |       5 |   5.3
            +---------+---------+-------+---------+---------+-------
        D:1 |      31 |      18 |  36.7 |      18 |       5 |  21.7
        D:2 |      58 |       0 |   0.0 |      20 |       0 |   0.0
        D:3 |     363 |       0 |   0.0 |      30 |       0 |   0.0
        D:4 |     432 |       0 |   0.0 |      21 |       0 |   0.0
            +---------+---------+-------+---------+---------+-------
